cohdb
Replays
Latest Replays
All Replays
Popular Replays
Top Player Replays
Match Explorer
How It Works
Community
CoH3 Stats
Reddit
Sign in to upload your games and track your stats! →
Sign in with Steam
Match 41278939
Unlisted
Match 41278939
Overview
Messages
Build Orders
End
Construct Section Command Post
Selects Indian Artillery Battlegroup
Royal Engineer Section
Infantry Section
ML 3-inch Mortar Team
Infantry Section
Selects Towed ML 4.2-inch Heavy Mortar
Towed ML 4.2-inch Heavy Mortar
Construct Platoon Command Post
Grenade Package
6-pounder Anti-tank Gun Team
Selects War Cry
Selects Gurkha Rifles Section
Gurkha Rifles Section
SneaKerz
gb_gbg
wodbs385512
QwertZ
DanielWise
一半的橘子
0
0
Comments
sign in to comment!
No comments posted yet!